 Dungeon Crawl Stone Soup version 0.31.0-32-g396128a36d (webtiles) character file.

Game seed: 3780121689359425534

2 TacoSundae the Ruffian (level 1, 0/9 HPs)
             Began as a Vine Stalker Shapeshifter on Apr 7, 2024.
             Slain by a gnoll
             ... wielding a +0 club
              (3 damage)
             ... on level 1 of the Dungeon.
             The game lasted 00:00:13 (129 turns).

TacoSundae the Ruffian (Vine Stalker Shapeshifter)   Turns: 129, Time: 00:00:13

Health: 0/9        AC:  2    Str: 16    XL:     1   Next: 40%
Magic:  0/2        EV: 12    Int: 10    God:
Gold:   11         SH:  0    Dex: 13    Spells: 0/0 levels left

rFire   . .          .
                       - Unarmed
rCold   . . .        (no shield)
rNeg    . . .        a - +0 animal skin
rPois   .            (helmet currently unavailable)
rElec   .            (cloak currently unavailable)
rCorr   .            (gloves currently unavailable)
SInv    .            (boots currently unavailable)
Will    .....        (no amulet)
Stlth   +            (no ring)
HPRegen 1.01/turn    (no ring)
MPRegen 0.08/turn

%: guardian spirit
@: beast-form
A: beast (slay +1), fangs 2, regeneration 1, magic shield, antimagic bite, no
potion heal 2
a: Begin Untransformation


You were on level 1 of the Dungeon.
You were a hulking beast.
You visited 1 branch of the dungeon, and saw 1 of its levels.

You collected 11 gold pieces.

Inventory:

Armour
 a - a +0 animal skin (worn)
Talismans
 c - a beast talisman
 d - a flux talisman
Potions
 b - a potion of lignification


   Skills:
 - Level 0.8 Fighting
 - Level 1.5 Dodging
 + Level 3.1 Unarmed Combat
 + Level 3.0 Shapeshifting


You couldn't memorise any spells.
You didn't know any spells.
Your spell library was empty.

Dungeon Overview and Level Annotations

Branches:
Dungeon (1/15)

Altars:


Innate Abilities, Weirdness & Mutations

You are a hulking beast.
Your limbs bulge with bestial killing power. (Slay +1)
You have extremely sharp teeth.
Your natural rate of healing is unusually fast.
When hurt, damage is shared between your health and your magic reserves.
Your bite disrupts and absorbs the magic of your enemies.
Potions cannot restore your health.


Message History

You see here a +0 mace.
There is a dry fountain here.
Found a mace.
There is a dry fountain here.
You now have 11 gold pieces.
There is a dry fountain here.
There is a dry fountain here.
A hobgoblin comes into view.
Found a leather armour.
A gnoll comes into view. It is wielding a +0 club.
The gnoll shouts!
The hobgoblin shouts!
A dart slug comes into view.
You hit the gnoll but do no damage. You punch the gnoll, but do no damage.
You bite the gnoll. You drain its power.
The gnoll is moderately wounded.
The hobgoblin misses you. The gnoll hits you with a +0 club.
The dart slug launches a dart at you. The slug dart misses you.
The hobgoblin attacks as it pursues you!
The hobgoblin hits you.
You hit the hobgoblin. Your bite misses the hobgoblin.
The hobgoblin is heavily wounded.
The hobgoblin closely misses you.
You hit the hobgoblin. Your bite misses the hobgoblin.
The hobgoblin is almost dead.
The hobgoblin hits you but does no damage.
You hit the hobgoblin but do no damage. Your bite misses the hobgoblin.
The hobgoblin is almost dead.
The hobgoblin closely misses you.
You hit the hobgoblin.
You kill the hobgoblin!
You hit the gnoll.
The gnoll is moderately wounded.
The gnoll hits you with a +0 club!
Ouch! That really hurt!
* * * LOW HITPOINT WARNING * * *
You hit the gnoll.
The gnoll is almost dead.
The gnoll hits you with a +0 club.
You die...

#.........# # #.........#.#
#.......[... #......$..#
#.........# #....w....#
#####.##.###### #g##.##...##
#h##.#.....# #.##........
#...........
############.###########
###......................###
##...##.####.####.####.#....#
#..###...##...##...##...###..
#.## #.⌠.##.⌠.##.⌠.##.⌠.# ##.
#.####...##...##...##...####.


You could see a gnoll and a dart slug.

Vanquished Creatures
  A hobgoblin (D:1)
  A bat (D:1)
  A rat (D:1)
3 creatures vanquished.

Notes
Turn   | Place    | Note
-------+----------+-------------------------------------------
     0 | D:1      | TacoSundae the Vine Stalker Shapeshifter began the quest
                  | for the Orb.
     0 | D:1      | Reached XP level 1. HP: 9/9 MP: 2/2
   129 | D:1      | Slain by a gnoll

Illustrated notes

Levels and vault maps discovered:
D:1:      dpeg_arrival_chambers_temple_mockup, layout_loops_ring

Action                     || total
---------------------------++-------
  Melee: Unarmed           ||    10
         Punch             ||     1
         Bite              ||     1
 Armour: Animal skin       ||     7
  Dodge: Dodged            ||     9
